Map: [ESL] Data-C

Players

trigger - Winner!

  • Race: Protoss Protoss
  • Spawn Location: 9:00

Creature

  • Race: Protoss Protoss
  • Spawn Location: 3:00

Event: DreamHack SC2 Masters 2022 Atlanta (Online)

VOD

Have the link to the VOD?

Description

Time

  • Played on: Oct. 4, 2022, 4:17 p.m.
  • Length: 4:33

All games in this series

Show
View Real Time Build Order
Export as new Build Order

trigger Protoss - Winner!

Build Orders:  

Get SALT Encoding   

  12  0:00  Probe  
  13  0:12  Probe  
  14  0:17  Pylon  
  14  0:24  Probe  
  15  0:36  Probe (Chrono Boost)  
  15  0:38  Gateway  
  16  0:45  Probe (Chrono Boost)  
  16  0:47  Assimilator  
  17  0:50  Probe (Chrono Boost)  
  18  1:02  Probe  
  19  1:04  Assimilator  
  19  1:06  Pylon  
  19  1:15  Probe  
  20  1:26  Zealot, Cybernetics Core  
  20  1:28  Probe  
  23  1:40  Probe  
  24  1:52  Probe  
  25  1:59  Warp Gate (Chrono Boost)  
  25  2:00  Stalker (Chrono Boost)  
  25  2:05  Probe  
  28  2:11  Gateway  
  28  2:16  Gateway  
  28  2:20  Gateway  
  28  2:28  Stalker  
  30  2:38  Pylon  
  30  2:45  Shield Battery  
  30  2:55  Pylon  
  30  2:58  Stalker  
  32  3:32  Shield Battery  
  32  3:33  Stalker  
  32  3:34  Stalker x2  
  38  3:36  Stalker  
  40  3:43  Pylon  
  40  4:00  Stalker x2  
  42  4:07  Stalker  
  44  4:21  Stalker  
Show
View Real Time Build Order
Export as new Build Order

Creature Protoss 

Build Orders: Phoenix Opening 

Get SALT Encoding   

  12  0:00  Probe  
  13  0:12  Probe  
  14  0:18  Pylon  
  14  0:24  Probe (Chrono Boost)  
  15  0:36  Probe (Chrono Boost)  
  15  0:38  Gateway  
  16  0:45  Probe (Chrono Boost)  
  16  0:46  Assimilator  
  17  0:51  Probe  
  18  1:03  Probe (Chrono Boost)  
  19  1:12  Assimilator  
  19  1:14  Pylon  
  19  1:15  Probe (Chrono Boost)  
  20  1:21  Probe (Chrono Boost)  
  21  1:26  Cybernetics Core  
  21  1:30  Probe  
  22  1:33  Zealot  
  24  1:42  Probe  
  26  1:54  Probe  
  26  2:05  Stargate  
  26  2:07  Probe  
  26  2:23  Nexus  
  26  2:29  Stalker  
  28  2:32  Probe  
  29  2:38  Pylon  
  29  2:45  Shield Battery  
  29  2:53  Phoenix (Chrono Boost)  
  29  2:57  Probe  
  32  3:04  Shield Battery  
  32  3:11  Probe  
  33  3:18  Phoenix (Chrono Boost)  
  35  3:23  Probe  
  36  3:29  Pylon  
  36  3:36  Probe (Chrono Boost)  
  36  3:37  Probe (Chrono Boost)  
  41  3:53  Probe x2 (Chrono Boost)  
  42  4:00  Probe  
  42  4:01  Pylon  
  35  4:02  Phoenix  
  41  4:04  Pylon  
  38  4:13  Gateway  
Tags
 
Add a new tag
Caveats
  • Supply blocks, unpowered buildings, or Contaminate may cause inaccurate times.
  • Supply counts are checked every 10 seconds.